Map: Abyssal Reef LE

Players

eXile - Winner!

  • Race: Zerg Zerg
  • League: Gold
  • Spawn Location: 5:00

IlllIIlllIIl

  • Race: Protoss Protoss
  • League: Platinum
  • Spawn Location: 11:00

VOD

Have the link to the VOD?

Description

Time

  • Played on: May 26, 2017, 8:14 p.m.
  • Length: 16:55
Show
View Real Time Build Order
Export as new Build Order

eXile Zerg - Winner!

Build Orders: Hatch First, Swarm Host 

Get SALT Encoding   

  12  0:01  Drone  
  13  0:13  Overlord  
  13  0:19  Drone  
  14  0:32  Drone x2  
  16  0:35  Drone  
  17  0:55  Hatchery  
  16  0:58  Drone  
  16  1:00  Extractor  
  16  1:03  Drone  
  17  1:09  Drone  
  18  1:20  Spawning Pool  
  17  1:32  Drone x2  
  19  1:49  Overlord  
  19  2:13  Zergling x4, Queen  
  19  2:14  Queen  
  25  2:15  Metabolic Boost  
  25  2:18  Zergling x2  
  26  2:23  Drone x2  
  28  2:39  Drone, Baneling Nest  
  28  2:40  Drone x2  
  30  2:47  Overlord  
  30  2:57  Drone x2  
  31  3:29  Drone x4  
  31  3:31  Zergling x8  
  31  3:32  Zergling x6  
  41  3:52  Spore Crawler  
  40  3:55  Overlord  
  40  3:57  Overlord  
  40  4:01  Extractor  
  40  4:02  Lair  
  39  4:03  Extractor  
  39  4:06  Extractor  
  39  4:08  Overlord  
  37  4:12  Overlord  
  37  4:21  Overlord  
  37  4:23  Zergling x2  
  38  4:27  Hatchery  
  38  4:30  Drone x3  
  39  5:13  Spore Crawler  
  36  5:16  Zergling x12  
  36  5:18  Hydralisk Den  
  36  5:24  Overlord  
  36  5:32  Overseer  
  36  5:33  Overseer x2  
  36  5:45  Zergling x6  
  36  5:46  Zergling x14  
  36  5:47  Zergling x8  
  50  5:56  Evolution Chamber x2  
  48  6:03  Queen  
  50  6:08  Drone  
  51  6:20  Pneumatized Carapace  
  51  6:37  Zerg Missile Weapons Level 1, Zerg Ground Armor Level 1  
  51  6:39  Drone, Queen  
  54  6:47  Drone x3  
  57  6:57  Drone x3  
  60  7:06  Drone x4  
  64  7:12  Spore Crawler  
  63  7:31  Hydralisk x5  
  63  7:32  Drone  
  74  7:42  Hydralisk x2  
  78  7:57  Muscular Augments  
  78  7:59  Drone x4  
  78  8:00  Drone, Overlord  
  83  8:17  Overlord x3  
  83  8:32  Infestation Pit  
  82  8:36  Zerg Missile Weapons Level 2  
  82  8:38  Zerg Ground Armor Level 2  
  82  8:48  Drone x6  
  83  8:49  Drone x3  
  91  8:59  Hydralisk x2  
  95  9:05  Extractor  
  95  9:09  Hive  
  94  9:19  Zergling x12  
  94  9:20  Zergling x2  
  101  9:27  Drone x2  
  101  9:28  Drone  
  104  9:33  Drone x4  
  108  9:48  Drone  
  108  9:49  Drone x2  
  107  10:06  Swarm Host x3  
  113  10:08  Overlord x4  
  113  10:17  Overlord x3  
  113  10:36  Swarm Host x3  
  113  10:37  Swarm Host x4  
  113  10:42  Hydralisk x8  
  150  11:02  Hatchery  
  149  11:08  Overlord x3  
  149  11:15  Extractor  
  148  11:20  Zerg Missile Weapons Level 3, Zerg Ground Armor Level 3  
  148  11:26  Overseer x2  
  148  11:36  Baneling x4  
  148  11:37  Baneling x3  
  148  11:44  Drone  
  148  11:45  Drone x7  
  156  12:03  Hatchery  
  155  12:29  Extractor  
  154  12:32  Extractor  
  134  12:49  Zergling x4  
  134  12:50  Zergling x50  
  139  13:15  Swarm Host  
  139  13:16  Swarm Host x6  
  127  13:38  Hydralisk x11  
  127  13:39  Hydralisk  
  149  13:43  Baneling x5  
  149  13:44  Baneling x6  
  149  13:53  Ultralisk Cavern  
  148  13:59  Overlord x2  
  148  14:00  Overlord x3  
  148  14:04  Drone  
  148  14:05  Drone  
  150  14:15  Burrow  
  124  14:44  Hydralisk x4  
  124  14:45  Hydralisk x9  
  129  14:46  Hydralisk x5  
  151  15:08  Overlord x4  
  151  15:11  Chitinous Plating, Viper x2  
  151  15:13  Ultralisk  
  163  15:37  Zergling x2  
  163  15:38  Zergling x32  
  180  15:55  Ultralisk x2  
  180  15:56  Ultralisk  
Show
View Real Time Build Order
Export as new Build Order

IlllIIlllIIl Protoss 

Build Orders: 1 Gate Expand 

Get SALT Encoding   

  12  0:02  Probe (Chrono Boost)  
  13  0:12  Probe (Chrono Boost)  
  14  0:21  Pylon  
  14  0:27  Probe (Chrono Boost)  
  15  0:40  Probe (Chrono Boost)  
  16  0:44  Gateway  
  16  0:49  Assimilator  
  16  0:50  Probe (Chrono Boost)  
  17  1:01  Probe (Chrono Boost)  
  18  1:11  Probe (Chrono Boost)  
  19  1:29  Probe (Chrono Boost)  
  19  1:30  Nexus  
  20  1:45  Cybernetics Core  
  20  1:50  Pylon  
  20  1:56  Probe (Chrono Boost), Assimilator  
  21  2:14  Warp Gate  
  21  2:15  Probe (Chrono Boost)  
  22  2:18  Adept  
  22  2:19  Pylon  
  24  2:27  Probe (Chrono Boost)  
  25  2:45  Gateway  
  25  3:00  Pylon  
  25  3:02  Probe (Chrono Boost)  
  25  3:03  Probe (Chrono Boost)  
  25  3:04  Stalker  
  29  3:36  Probe (Chrono Boost)  
  29  3:37  Probe (Chrono Boost)  
  31  3:44  Pylon  
  31  3:47  Probe (Chrono Boost)  
  34  3:49  Stargate  
  34  3:51  Mothership Core (Chrono Boost), Gateway  
  34  3:52  Gateway  
  34  3:57  Probe (Chrono Boost)  
  35  4:06  Pylon  
  35  4:16  Probe (Chrono Boost)  
  37  4:18  Probe (Chrono Boost)  
  37  4:24  Robotics Facility  
  37  4:26  Twilight Council  
  37  4:27  Probe (Chrono Boost)  
  37  4:29  Probe (Chrono Boost)  
  39  4:37  Probe (Chrono Boost)  
  40  4:39  Probe (Chrono Boost)  
  40  4:40  Sentry x2  
  45  4:48  Probe (Chrono Boost)  
  40  5:13  Adept x3  
  40  5:14  Adept  
  48  5:27  Pylon  
  48  5:30  Pylon  
  48  5:32  Pylon  
  48  5:39  Probe x2 (Chrono Boost)  
  48  5:41  Stalker x2  
  54  5:49  Probe (Chrono Boost)  
  55  5:51  Pylon, Resonating Glaives  
  55  6:04  Assimilator  
  55  6:06  Assimilator  
  55  6:10  Observer  
  56  6:14  Probe (Chrono Boost)  
  56  6:15  Probe (Chrono Boost)  
  58  6:22  Pylon  
  58  6:28  Probe (Chrono Boost)  
  58  6:32  Probe (Chrono Boost)  
  59  6:35  Pylon  
  59  6:36  Adept x4  
  67  6:42  Probe (Chrono Boost)  
  67  6:43  Probe (Chrono Boost)  
  70  6:56  Probe (Chrono Boost)  
  70  6:57  Adept x3  
  70  6:58  Adept  
  78  7:08  Gateway  
  78  7:09  Gateway  
  78  7:14  Immortal  
  82  7:17  Probe x2 (Chrono Boost)  
  84  7:28  Forge  
  84  7:34  Forge  
  84  7:36  Charge, Stalker  
  86  7:44  Sentry x3  
  92  8:00  Protoss Ground Weapons Level 1  
  92  8:03  Stalker  
  94  8:26  Nexus, Stalker x3  
  100  8:28  Pylon, Stalker  
  100  8:30  Pylon  
  102  8:34  Pylon  
  102  8:47  Pylon, Observer  
  103  8:49  Probe (Chrono Boost)  
  103  8:50  Probe (Chrono Boost)  
  103  8:55  Protoss Ground Armor Level 1  
  105  8:56  Templar Archives  
  105  8:59  Stalker  
  105  9:00  Stalker  
  105  9:02  Stalker  
  112  9:03  Probe (Chrono Boost)  
  112  9:15  Zealot x3  
  118  9:27  Immortal  
  122  9:39  Probe (Chrono Boost)  
  122  9:41  Probe x2 (Chrono Boost)  
  125  9:47  High Templar x2  
  125  9:48  Zealot  
  125  9:49  Zealot  
  125  9:50  Probe (Chrono Boost)  
  125  9:51  Archon  
  136  9:53  Probe x2 (Chrono Boost)  
  136  9:54  Zealot x2  
  141  10:14  Probe (Chrono Boost)  
  141  10:15  Probe x2 (Chrono Boost)  
  141  10:19  Gateway  
  141  10:21  Gateway  
  141  10:22  Gateway  
  141  10:32  High Templar  
  141  10:33  Protoss Ground Armor Level 2, High Templar  
  141  10:35  Zealot x2  
  148  10:37  Archon  
  148  10:46  Pylon  
  148  10:48  Psionic Storm, Protoss Ground Weapons Level 2  
  148  10:50  Pylon x2  
  148  10:57  Pylon  
  148  11:16  Stalker  
  148  11:17  Assimilator  
  150  11:19  Assimilator  
  150  11:23  Zealot x2  
  150  11:24  Zealot x3  
  160  11:31  Probe (Chrono Boost)  
  160  11:32  Probe x2 (Chrono Boost)  
  163  11:34  High Templar x2  
  167  11:40  Archon  
  167  11:41  Pylon  
  167  11:52  Pylon  
  167  12:08  Nexus  
  167  12:10  Pylon  
  167  12:11  Pylon  
  167  12:12  High Templar x2  
  167  12:13  Pylon  
  167  12:14  Dark Shrine, Zealot x3  
  177  12:19  Archon  
  153  12:49  High Templar  
  153  12:50  High Templar x3  
  155  12:54  Zealot x5  
  155  12:57  Archon x2  
  139  13:31  Gateway  
  139  13:33  Gateway  
  124  13:35  Gateway  
  124  13:37  Gateway  
  124  13:39  Gateway  
  124  13:45  High Templar  
  124  13:46  High Templar x5  
  136  13:49  Zealot x3  
  136  13:51  Archon x2  
  136  13:52  Archon  
  142  13:57  Probe x2 (Chrono Boost)  
  142  13:58  Probe x2 (Chrono Boost)  
  146  14:07  Probe x2 (Chrono Boost)  
  146  14:09  Fleet Beacon  
  150  14:10  Probe x2 (Chrono Boost)  
  150  14:12  Assimilator  
  150  14:14  Assimilator  
  150  14:22  Probe (Chrono Boost)  
  85  14:45  Adept  
  75  14:46  Zealot  
  75  14:47  High Templar x3  
  75  14:48  High Templar  
  75  14:51  Zealot x4  
  75  14:52  Zealot x4  
  97  14:54  Archon x2  
  103  15:10  Pylon  
  103  15:20  Zealot x3  
  109  15:22  High Templar x2  
  109  15:25  Adept x2  
  109  15:26  Adept x4  
  125  15:34  Zealot x3  
  131  15:51  Adept x4  
  131  15:52  Adept x2  
  90  16:12  High Templar x2  
  90  16:13  High Templar, Zealot x3  
  90  16:14  Zealot  
  79  16:22  Archon  
  79  16:24  Zealot x2  
  65  16:37  Sentry x2  
  65  16:39  High Templar x3  
  54  16:40  High Templar  
  54  16:41  Zealot  
  57  16:47  Archon  
  57  16:48  Archon  
Tags
 
Add a new tag
Caveats
  • Supply blocks, unpowered buildings, or Contaminate may cause inaccurate times.
  • Supply counts are checked every 10 seconds.